 Dungeon Crawl Stone Soup version 0.29.1-1-gd02db6906a (webtiles) character file.

Game seed: 5903440482617604673

3092 raistware the Destroyer (level 9, 0/51 HPs)
             Began as an Octopode Conjurer on Sept 28, 2022.
             Was an Initiate of Vehumet.
             Slain by a hornet (5 damage)
             ... on level 7 of the Dungeon on Sept 29, 2022.
             The game lasted 00:17:32 (8803 turns).

raistware the Destroyer (Octopode Conjurer)         Turns: 8803, Time: 00:17:33

Health: 0/51       AC:  1    Str:  6    XL:     9   Next: 89%
Magic:  12/20      EV: 13    Int: 30    God:    Vehumet [......]
Gold:   418        SH:  0    Dex: 17    Spells: 13/23 levels left

rFire   . . .      SeeInvis .   k - +8 short sword "Yrhilu" {freeze, Int+6 Stlth-}
rCold   . . .      Faith    .   (no shield)
rNeg    . . .      Spirit   .   (helmet restricted)
rPois   .          Reflect  .   (no amulet)
rElec   .          Harm     .   n - +6 ring of dexterity
rCorr   .          Rampage  .   (no ring)
Will    .....                   (no ring)
Stlth   ++........              (no ring)
HPRegen 0.17/turn               (no ring)
MPRegen 0.17/turn               (no ring)
                                (no ring)
                                (no ring)

@: lethally poisoned (0 -> -21), slowed, very slow
A: almost no armour, amphibious, 8 rings, camouflage 1, gelatinous body 1,
(nimble swimmer 1), tentacles
a: Renounce Religion


You were on level 7 of the Dungeon.
You worshipped Vehumet.
Vehumet was noncommittal.
You visited 2 branches of the dungeon, and saw 8 of its levels.

You collected 462 gold pieces.
You spent 44 gold pieces at shops.

Inventory:

Hand Weapons
 k - the +8 short sword "Yrhilu" (weapon) {freeze, Int+6 Stlth-}
   (You found it on level 3 of the Dungeon)

   It freezes those it strikes, dealing additional cold damage.
   It can also slow down cold-blooded creatures.
   Int:       It affects your intelligence (+6).
   Stlth:     It makes you less stealthy.
 w - the +11 whip of the Equinox {vorpal, Fly rC- rN+ Int+4}
   (You found it on level 5 of the Dungeon)

   It inflicts extra damage upon your enemies.
   Int:       It affects your intelligence (+4).
   rC:        It makes you vulnerable to cold.
   rN:        It protects you from negative energy.
   Fly:       It grants you flight.
Missiles
 r - 7 poisoned darts
 A - a curare-tipped dart
Jewellery
 n - a +6 ring of dexterity (left tentacle)
Wands
 p - a wand of mindburst (12)
 x - a wand of acid (9)
 z - a wand of roots (10)
Scrolls
 b - 5 scrolls of identify {unknown}
 d - a scroll of vulnerability {unknown}
 e - 2 scrolls of fog
 f - a scroll of brand weapon {unknown}
 g - a scroll of magic mapping {unknown}
 l - 2 scrolls of fear {unknown}
 m - 3 scrolls of enchant armour {unknown}
 t - a scroll of noise {unknown}
 v - a scroll of amnesia {unknown}
 y - a scroll of silence {unknown}
 B - a scroll of blinking {unknown}
Potions
 a - 3 potions of magic
 c - 3 potions of might
 h - 2 potions of ambrosia {unknown}
 i - 2 potions of haste {unknown}
 j - 2 potions of resistance {unknown}
 o - a potion of curing {unknown}
 q - a potion of attraction {unknown}
 s - 3 potions of flight {unknown}
 u - 2 potions of brilliance {unknown}


   Skills:
 - Level 2.0 Dodging
 - Level 3.0 Stealth
 + Level 7.7 Spellcasting
 + Level 10.4 Conjurations
 - Level 2.0 Translocations
 + Level 4.0 Fire Magic


You had 13 spell levels left.
You knew the following spells:

 Your Spells              Type           Power      Damage    Failure   Level
a - Magic Dart            Conj           100%       1d8       1%          1
b - Iskenderun's Mystic   Conj/Tloc      48%        2d11      3%          4
c - Fireball              Conj/Fire      26%        3d12      6%          5

Your spell library contained the following spells:

 Spells                   Type           Power      Damage    Failure   Level
 Searing Ray              Conj           100%       2d8       1%          2
 Dazzling Flash           Conj/Hex       84%        N/A       1%          3
 Stone Arrow              Conj/Erth      84%        3d12      1%          3
 Iskenderun's Battlesphe  Conj           65%        2d11      1%          5
 Sandblast                Erth           22%        2d7       4%          1
 Summon Small Mammal      Summ           44%        N/A       4%          1
 Fulminant Prism          Conj/Hex       21%        3d13      5%          4
 Inner Flame              Hex/Fire       23%        N/A       6%          3
 Passwall                 Tmut/Erth      9%         N/A       7%          2
 Call Canine Familiar     Summ           11%        N/A       13%         3
 Summon Guardian Golem    Hex/Summ       11%        N/A       13%         3
 Anguish                  Hex/Necr       5%         N/A       41%         4
 Cause Fear               Hex            5%         N/A       41%         4
 Orb of Destruction       Conj           32%        9d10      45%         7
 Conjure Ball Lightning   Conj/Air       21%        3x3d6     63%         6
 Enfeeble                 Hex            5%         N/A       100%        7
 Discord                  Hex            5%         N/A       100%        8


Dungeon Overview and Level Annotations

Branches:
Dungeon (7/15)             Temple (1/1) D:7

Altars:
Ashenzari
Cheibriados
Dithmenos
Elyvilon
Fedhas
Nemelex Xobeh
Qazlal
Ru
Sif Muna
Trog
Uskayaw
Vehumet
Xom
Yredelemnul
Zin
The Shining One

Shops:
D:2 ?


Innate Abilities, Weirdness & Mutations

You cannot wear most types of armour.
You are amphibious.
You can wear up to eight rings at the same time.
Your skin changes colour to match your surroundings (Stealth+).
Your rubbery body absorbs attacks. (AC +1, EV +1)
((You are camouflaged when in or above water. (Stealth+)))
You have tentacles for arms and can constrict up to eight enemies at once.


Message History

You open the door.
There is an open door here.
There is a radiant altar of Vehumet here.
You curl up in front of the altar of Vehumet.
Vehumet welcomes you!
Okay, then.
(D) Dungeon (T) Temple
Where to? (Enter - D:7, ? - help)
What level of the Dungeon? (default 7, ? - help)
There is an open door here.
There is an open door here.
There is a staircase back to the Dungeon here.
You climb upwards.
Welcome back to the Dungeon!
The hornet stings you!
You feel yourself slow down. The hornet closely misses you.
There is a staircase to the Ecumenical Temple here.
Casting: Fireball (quite dangerous; 6% risk of failure)
Confirm with . or Enter, or press ? or * to list all spells.
You erupt in a blast of force!
The mystic blast hits the hornet!
The hornet is moderately wounded.
The hornet is knocked back by the mystic blast.
The hornet slams into the stone wall!
The hornet is heavily wounded.
The hornet stings you!
You are poisoned.
You feel as though you will be slow longer.
The hornet misses you.
The black bear growls angrily.
Unknown command.
Casting: Iskenderun's Mystic Blast (dangerous; 3% risk of failure)
Confirm with . or Enter, or press ? or * to list all spells.
You erupt in a blast of force!
The mystic blast hits the hornet but does no damage.
The hornet is heavily wounded.
You feel very sick. The hornet stings you!
* * * LOW HITPOINT WARNING * * *
You are more poisoned.
You feel as though you will be slow longer.
The hornet stings you.
You die...

#...# #...# .. .
..### ## #. .#.# #.#
.. .##.#. # #.# # .
..... ..# #.# #.#
#.#.#.##... ..#
#...#.#h#....# ...
#.........$..# ...
.##.#.@.#.# ...
...#.y?#.#.##. ....
#....#........
#(#.##.#.##.#...
............#.. ##
#.#.#.#.##....#
.#####.#.#.#....##.#.
....##...............
##.
#.#########..###.#


You could see a hornet and a black bear.

Vanquished Creatures
  Pikel (D:4)
  A wyvern (D:7)
  Eustachio (D:5)
  Menkaure (D:6)
  A water moccasin (D:5)
  2 sky beasts
  2 ogres (D:4)
  3 centaurs
  A kobold brigand (D:7)
  A gnoll sergeant (D:6)
  3 bullfrogs
  2 necrophages (D:5)
  6 scorpions
  A jelly (D:5)
  A howler monkey (D:6)
  An electric eel (D:6)
  A gnoll bouda (D:6)
  4 hounds
  An orc priest (D:5)
  Jessica (D:2)
  Ijyb (D:4)
  3 iguanas
  An orc wizard (D:4)
  Robin (D:4)
  8 gnolls (D:6)
  5 adders
  A white imp (D:6)
  An ufetubus (D:5)
  3 worms
  4 dart slugs
  10 orcs
  8 ball pythons
  8 bats
  7 endoplasms
  6 giant cockroaches
  10 goblins
  14 hobgoblins
  4 jackals (D:2)
  4 quokkas
  A frilled lizard (D:3)
  14 kobolds
  10 rats
159 creatures vanquished.

Vanquished Creatures (others)
  4 fungi (D:6)
4 creatures vanquished.

Grand Total: 163 creatures vanquished

Notes
Turn   | Place    | Note
-------+----------+-------------------------------------------
     0 | D:1      | raistware the Octopode Conjurer began the quest for the
                  | Orb.
     0 | D:1      | Reached XP level 1. HP: 11/11 MP: 3/3
   177 | D:1      | Reached XP level 2. HP: 17/17 MP: 1/5
   675 | D:1      | Reached XP level 3. HP: 21/21 MP: 3/7
  1285 | D:2      | Found Binuigh's Magic Scroll Shoppe.
  1289 | D:2      | Bought a scroll of fog for 44 gold pieces
  1510 | D:2      | Found a glowing golden altar of the Shining One.
  1894 | D:2      | Reached XP level 4. HP: 27/27 MP: 4/9
  1903 | D:2      | Learned a level 4 spell: Iskenderun's Mystic Blast
  2145 | D:2      | Noticed Jessica
  2150 | D:2      | Killed Jessica
  2284 | D:2      | Found a faded altar of an unknown god.
  2445 | D:2      | Reached skill level 1 in Translocations
  2990 | D:3      | Reached XP level 5. HP: 31/31 MP: 7/11
  3094 | D:3      | Learned a level 5 spell: Fireball
  3122 | D:3      | Reached skill level 5 in Conjurations
  3389 | D:3      | Identified the +8 short sword "Yrhilu" {freeze, Int+6
                  | Stlth-}
  3668 | D:4      | Noticed Pikel
  3668 | D:4      | Noticed a lemure
  3668 | D:4      | Noticed a lemure
  3819 | D:4      | Noticed an ogre
  3831 | D:4      | Killed an ogre
  3832 | D:4      | Reached XP level 6. HP: 36/36 MP: 6/12
  3909 | D:4      | Reached skill level 6 in Conjurations
  3974 | D:4      | Noticed Ijyb
  3987 | D:4      | Killed Pikel
  3988 | D:4      | Reached skill level 5 in Spellcasting
  3988 | D:4      | Reached skill level 7 in Conjurations
  3988 | D:4      | Reached skill level 1 in Fire Magic
  3988 | D:4      | Reached XP level 7. HP: 41/41 MP: 12/14
  3990 | D:4      | Killed Ijyb
  3991 | D:4      | Reached XP level 8. HP: 41/46 MP: 11/15
  4382 | D:4      | Noticed Robin
  4387 | D:4      | Killed Robin
  4403 | D:4      | Reached skill level 8 in Conjurations
  4954 | D:5      | Entered Level 5 of the Dungeon
  4954 | D:5      | Noticed Eustachio
  4979 | D:5      | Killed Eustachio
  5133 | D:5      | Reached skill level 9 in Conjurations
  5341 | D:5      | Reached XP level 9. HP: 28/51 MP: 3/18
  5926 | D:5      | Identified the +11 whip of the Equinox {vorpal, Fly rC- rN+
                  | Int+4}
  6789 | D:6      | Noticed Menkaure
  6792 | D:6      | Killed Menkaure
  8110 | D:7      | Reached skill level 10 in Conjurations
  8530 | D:7      | Found a hide-covered altar of Uskayaw.
  8641 | D:7      | Found a broken altar of Ashenzari.
  8733 | D:7      | Found a staircase to the Ecumenical Temple.
  8736 | D:7      | Noticed a hornet
  8739 | Temple   | Entered the Ecumenical Temple
  8783 | Temple   | Became a worshipper of Vehumet
  8803 | D:7      | Slain by a hornet

Illustrated notes

Levels and vault maps discovered:
D:1:      lightli_arrival_windingriver, layout_basic, serial_bayou,
          serial_bayou_ford_a, serial_bayou_shore_a, serial_bayou_lake_a,
          serial_bayou_pond_d
D:2:      layout_basic, basic_altar, ebering_ecumenical_altar_sacrificial,
          serial_shops, nicolae_shop_hallway_stairs, uniq_jessica
D:3:      layout_basic
D:4:      layout_loops_cross, uniq_ijyb, uniq_pikel, uniq_robin
D:5:      layout_basic, uniq_eustachio
D:6:      layout_layer_cave, water_boxes_lemuel, uniq_menkaure
D:7:      layout_loops_ring, nicolae_overflow_hidden_temple,
          nicolae_ashenzari_skybound, okawaru_metal_pillars_1_2,
          minmay_temple_entry_ruins
Temple:   nicolae_temple_god_jail

Skill      XL: |  1  2  3  4  5  6  7  8  9 |
---------------+----------------------------+-----
Spellcasting   | 3 4 5 6 7 |  7.7
Translocations | 1 2 |  2.0
Conjurations   | 5 7 9 10 | 10.4
Fire Magic     | 1 2 4 |  4.0
Stealth        | 3 |  3.0
Dodging        | |  2.0

Action                   |  1- 3 |  4- 6 |  7- 9 || total
-------------------------+-------+-------+-------++-------
Melee: Unarmed           |    14 |    12 |       ||    26
       Tentacles         |     4 |     7 |    10 ||    21
       Constrict         |     5 |     7 |    15 ||    27
       Short sword       |       |     9 |    62 ||    71
       Punch             |       |       |     2 ||     2
 Cast: Magic Dart        |    74 |    82 |   129 ||   285
       Iskenderun's Myst |       |       |    14 ||    14
       Fireball          |       |       |    22 ||    22
Evoke: Wand              |       |       |     1 ||     1
  Use: Potion            |       |     1 |       ||     1
 Stab: Sleeping          |     1 |       |     1 ||     2
Armor: Skin              |     1 |     2 |     1 ||     4
Dodge: Dodged            |     3 |    22 |    29 ||    54
